 Dungeon Crawl Stone Soup version 0.21.1-68-g103a7af (webtiles) character file.

285 Razbojnik the Magician (level 6, -2/32 HPs)
             Began as a Deep Elf Conjurer on Aug 2, 2018.
             Slain by zapotec's ghost (8 damage)
             ... on level 4 of the Dungeon.
             The game lasted 00:11:04 (3173 turns).

Razbojnik the Magician (Deep Elf Conjurer)          Turns: 3173, Time: 00:11:05

Health: -2/32      AC:  4    Str:  5    XL:     6   Next: 7%
Magic:  1/17       EV: 13    Int: 22    God:
Gold:   178        SH:  0    Dex: 15    Spells: 6/17 levels left

rFire    . . .     SeeInvis .   m - +0 dagger
rCold    . . .     Gourm    .   (no shield)
rNeg     . . .     Faith    .   a - +0 robe
rPois    .         Spirit   .   d - +0 helmet
rElec    .         Reflect  .   (no cloak)
rCorr    .         Harm     .   g - +0 pair of gloves
MR       .....                  (no boots)
Stlth    ++........             (no amulet)
HPRegen  0.10/turn              (no ring)
MPRegen  0.15/turn              (no ring)

@: lethally poisoned (-2 -> -4)
A: no striking features
a: no special abilities


You were on level 4 of the Dungeon.
You were very hungry.

You visited 1 branch of the dungeon, and saw 4 of its levels.

You collected 178 gold pieces.

Inventory:

Hand Weapons
 m - a +0 dagger (weapon)
 u - a +0 hunting sling
Missiles
 q - 8 tomahawks
 v - 22 stones
 w - 4 javelins (quivered)
 z - 9 poisoned needles
Armour
 a - a +0 robe (worn)
 d - a +0 helmet (worn)
 f - a +0 leather armour
 g - a +0 pair of gloves (worn)
Jewellery
 n - an uncursed ring of resist corrosion {unknown}
Scrolls
 e - 4 scrolls of blinking {unknown}
 j - a scroll of teleportation {unknown}
 k - a scroll of amnesia {unknown}
 r - 3 scrolls of remove curse {unknown}
 t - a scroll of fog {unknown}
 x - a scroll of identify {unknown}
 y - a scroll of immolation {unknown}
Potions
 h - 2 potions of magic {unknown}
 i - 2 potions of lignification {unknown}
 l - 2 potions of curing {unknown}
 o - a potion of mutation {unknown}
 p - 2 potions of heal wounds {unknown}
 s - a potion of might {unknown}
 A - a potion of flight {unknown}
Books
 b - a book of Conjurations

   Spells                             Type                      Level
   a - Magic Dart                     Conjuration                  1
   b - Searing Ray                    Conjuration                  2
   c - Dazzling Spray                 Conjuration/Hexes            3
   d - Fulminant Prism                Conjuration/Hexes            4
   e - Force Lance                    Conjuration/Translocation    4
   f - Iskenderun's Mystic Blast      Conjuration                  4
Comestibles
 c - 7 rations


   Skills:
 - Level 2.4 Dodging
 - Level 2.4 Stealth
 + Level 6.4 Spellcasting
 - Level 5.0 Conjurations
 * Level 4.7 Hexes


You had 6 spell levels left.
You knew the following spells:

 Your Spells              Type           Power        Failure   Level  Hunger
a - Magic Dart            Conj           ####         1%          1    None
b - Searing Ray           Conj           ####..       1%          2    None
c - Fulminant Prism       Conj/Hex       ####......   12%         4    ###....
d - Iskenderun's Mystic   Conj           ####....     11%         4    ###....


Dungeon Overview and Level Annotations

Branches:
Dungeon (4/15)
 Temple: D:4-7

Altars:
Hepliaklqana
Uskayaw

Annotations:
D:4 zapotec's ghost, amateur KoFi


Message History

Aiming: Magic Dart
Press: ? - help, Shift-Dir - straight line, f - adder
Aim: an adder The magic dart hits the adder.
The adder is heavily wounded.
The adder closely misses you.
Casting: Magic Dart
Confirm with . or Enter, or press ? or * to list all spells.
Aiming: Magic Dart
Press: ? - help, Shift-Dir - straight line, f/p - adder
Aim: an adder (heavily wounded)
The magic dart hits the adder.
The adder is heavily wounded.
The adder bites you.
* * * LOW HITPOINT WARNING * * *
You are poisoned.
The adder poisons you!
Zapotec's ghost hits you but does no damage.
You feel sick. The adder closely misses you. Zapotec's ghost hits you!
You die...

##..........(.)..).
#....###......#####
#....# #.....†.....
#....# #######.##..
#....# #######.#...
#....# .......†#...
##.### ?.....).#S..
#.SW.# .......)#.o.
#.@..# ##..........
#....# ..........##
#....# ##........#
###### #........#
###.......
#.......# #.......#
#......$#


You could see zapotec's ghost and an adder.

Vanquished Creatures
  A centaur (D:3)
  2 orc wizards
  7 adders
  3 oozes
  2 leopard geckos
  8 orcs
  A ball python (D:3)
  3 giant cockroaches
  8 goblins
  2 hobgoblins (D:2)
  8 jackals (D:2)
  5 bats
  4 frilled lizards
  7 kobolds
  4 rats
65 creatures vanquished.

Vanquished Creatures (others)
  3 fulminant prisms
3 creatures vanquished.

Grand Total: 68 creatures vanquished

Notes
Turn   | Place    | Note
-------+----------+-------------------------------------------
     0 | D:1      | Razbojnik the Deep Elf Conjurer began the quest for the Orb.
     0 | D:1      | Reached XP level 1. HP: 10/10 MP: 6/6
   558 | D:1      | Reached XP level 2. HP: 15/15 MP: 5/8
   562 | D:1      | Learned a level 2 spell: Searing Ray
   965 | D:2      | Reached skill level 4 in Spellcasting
  1034 | D:2      | Reached XP level 3. HP: 19/19 MP: 10/10
  1067 | D:2      | Reached skill level 5 in Conjurations
  1449 | D:2      | Noticed a sky beast
  1560 | D:2      | Noticed a dagger
  1561 | D:2      | Found a hide-covered altar of Uskayaw.
  1561 | D:2      | Noticed a dagger
  2019 | D:2      | Reached skill level 5 in Spellcasting
  2044 | D:2      | Reached XP level 4. HP: 24/24 MP: 1/13
  2056 | D:2      | Learned a level 4 spell: Fulminant Prism
  2061 | D:2      | Learned a level 4 spell: Iskenderun's Mystic Blast
  2208 | D:3      | Reached skill level 1 in Hexes
  2424 | D:3      | Noticed a centaur
  2433 | D:3      | Killed a centaur
  2433 | D:3      | Reached XP level 5. HP: 24/28 MP: 10/15
  2575 | D:3      | Reached skill level 6 in Spellcasting
  2871 | D:3      | Found a hazy altar of Hepliaklqana.
  3120 | D:4      | Noticed zapotec's ghost (amateur KoFi)
  3121 | D:4      | Reached XP level 6. HP: 28/32 MP: 0/17
  3173 | D:4      | Slain by zapotec's ghost

Skill      XL: |  1  2  3  4  5 |
---------------+----------------+-----
Spellcasting   | 4 5 6 |  6.4
Conjurations   | 5 |  5.0
Hexes          | 3 4 |  4.7
Dodging        | |  2.4
Stealth        | |  2.4

Action                   |  1- 3 |  4- 6 || total
-------------------------+-------+-------++-------
Melee: Dagger            |     3 |       ||     3
Throw: Stone             |     1 |       ||     1
 Cast: Magic Dart        |    60 |    35 ||    95
       Searing Ray       |     4 |     3 ||     7
       Fulminant Prism   |       |     3 ||     3
 Stab: Sleeping          |     1 |       ||     1
  Eat: Chunk             |     3 |     3 ||     6
Armor: Robe              |     5 |     5 ||    10
Dodge: Dodged            |    10 |    24 ||    34
